 Dungeon Crawl Stone Soup version 0.18.0-1-g0107ab7 (webtiles) character file.

21 wvc the Gusty (level 2, 0/21 HPs)
             Began as a Mummy Wanderer on May 5, 2016.
             Slain by a hobgoblin
             ... wielding a +0 club
              (5 damage)
             ... on level 1 of the Dungeon.
             The game lasted 00:01:34 (1096 turns).

wvc the Gusty (Mummy Wanderer)                      Turns: 1096, Time: 00:01:35

Health: 0/21       AC:  2    Str: 16    XL:     2   Next: 62%
Magic:  3/3        EV: 12    Int: 11    God:
Gold:   37         SH:  0    Dex: 10    Spells: 0 memorised, 1 level left

rFire  x . .     SeeInvis .     g - +0 whip
rCold  + . .     Gourm    .     c - +0 robe
rNeg   + + +     Faith    .     (no shield)
rPois  ∞         Spirit   .     (no helmet)
rElec  .         Dismiss  .     (no cloak)
rCorr  .         Reflect  .     (no gloves)
SustAt .         Harm     .     (no boots)
MR     .....                    (no amulet)
Stlth  +.........               (no ring)
                                (no ring)

@: not resistant to hostile enchantments, very unstealthy
A: no food or potions, fire vulnerability, cold resistance 1, negative energy
resistance 3, torment resistance, unbreathing
a: no special abilities


You were on level 1 of the Dungeon.
You were not hungry.

You visited 1 branch of the dungeon, and saw 1 of its levels.

You collected 37 gold pieces.

Inventory:

Hand Weapons
 g - a +0 whip (weapon)
Missiles
 e - 4 poisoned needles
Armour
 c - a +0 robe (worn)
 f - a +0 chain mail
Wands
 a - a wand of enslavement (14/24)
Scrolls
 d - a scroll of identify {unknown}
Books
 b - the Compendium of the Vacuum

   Spells                             Type                      Level
   a - Summon Butterflies             Summoning                    1
   b - Call Canine Familiar           Summoning                    3


   Skills:
 + Level 1.2 Fighting
 * Level 1.2 Maces & Flails
 + Level 1.5 Dodging
 - Level 1.0 Stealth
   Level 1.0 Hexes
   Level 3.2 Air Magic
 - Level 1.5 Evocations


You had one spell level left.
You didn't know any spells.

Dungeon Overview and Level Annotations

Branches:
Dungeon (1/15)

Altars:


Innate Abilities, Weirdness & Mutations

You do not eat or drink.
Your flesh is vulnerable to fire.
You are immune to poison.
Your flesh is cold resistant.
You are immune to negative energy.
You are immune to unholy pain and torment.
You can survive without breathing.


Message History

You barely miss the hobgoblin. The hobgoblin hits you with a club.
You hit the hobgoblin.
The hobgoblin is severely wounded.
The hobgoblin hits you with a club.
* * * LOW HITPOINT WARNING * * *
You are too injured to fight recklessly!
You are too injured to fight recklessly!
You barely miss the hobgoblin.
The hobgoblin is severely wounded.
The hobgoblin hits you but does no damage.
You closely miss the hobgoblin.
The hobgoblin is severely wounded.
The hobgoblin hits you but does no damage.
You hit the hobgoblin but do no damage.
The hobgoblin is severely wounded.
The hobgoblin closely misses you.
You barely miss the hobgoblin.
The hobgoblin is severely wounded.
The hobgoblin hits you with a club.
You die...

#..###...............#....).†##..
#..# #...........................
#..###...............#...........
........#####...######.###....##'
......#(# #...# #.###...##..
...####.# #...# #.......#..<
#.......# #...# #####...##..
##......# #...###### #....##+
######### #...@g...# #....... #
#.....#####.# #(...... # ....##.
#....... .#.. #. #######. ... #.
## .. .. ##


You could see a hobgoblin.

Vanquished Creatures
  A dart slug (D:1)
  A giant gecko (D:1)
  3 bats (D:1)
  2 goblins (D:1)
  6 hobgoblins (D:1)
  A kobold (D:1)
14 creatures vanquished.

Notes
Turn   | Place    | Note
--------------------------------------------------------------
     0 | D:1      | wvc the Mummy Wanderer began the quest for the Orb.
     0 | D:1      | wvc set off with: a wand of enslavement (15/24), the Compendium of the Vacuum, a +0 robe, a +0 club
     0 | D:1      | Reached XP level 1. HP: 15/15 MP: 2/2
     0 | D:1      | Identified the Compendium of the Vacuum
   147 | D:1      | Reached skill level 1 in Maces & Flails
   147 | D:1      | Reached XP level 2. HP: 17/21 MP: 3/3
  1096 | D:1      | Slain by a hobgoblin

Skill      XL: |  1 |
---------------+----+-----
Maces & Flails | 1 |  1.2
Fighting       | |  1.2
Dodging        | |  1.5
Stealth        | |  1.0
Hexes          | |  1.0
Air Magic      | |  3.2
Evocations     | |  1.5

Action                   || total
-------------------------++-------
Melee: Club              ||    24
       Whip              ||    53
Evoke: Wand              ||     1
 Stab: Sleeping          ||     1
Armor: Robe              ||    20
Dodge: Dodged            ||    51
